 Seeded DCSS version 0.28-a0-1395-g4f6bc678fa (webtiles) character file.

Game seed: 20220105 (custom seed)

64509 flotson the Fighter (level 14, -3/113 HPs)
             Began as a Demonspawn Gladiator on Jan 5, 2022.
             Was an Initiate of Gozag.
             Slain by a very large slime creature (44 damage)
             ... on level 11 of the Dungeon.
             The game lasted 00:53:39 (36681 turns).

flotson the Fighter (Demonspawn Gladiator)         Turns: 36681, Time: 00:53:39

Health: -3/113     AC: 28    Str: 19    XL:     14   Next: 72%
Magic:  14/14      EV: 10    Int: 10    God:    Gozag
Gold:   4813       SH:  3    Dex: 15    Spells: 13/13 levels left

rFire   + . .      SeeInvis +   b - +2 demon trident
rCold   + . .      Faith    .   e - +0 buckler
rNeg    . . .      Spirit   .   G - +5 gold dragon scales
rPois   +          Reflect  .   (helmet unavailable)
rElec   +          Harm     .   L - +1 cloak
rCorr   +          Rampage  .   O - +0 pair of gloves
Will    ++...                   g - +0 pair of boots
Stlth   ..........              (no amulet)
HPRegen 0.28/turn               q - ring "Piun" {rElec EV+4}
MPRegen 0.14/turn               h - ring of Ephemeral Luck {Fly Will+ rCorr Stlth+}

@: flying, studying Bows
A: antennae 3, demonic guardian 2, foul stench 2, sharp scales 1
a: Renounce Religion, Potion Petition, Call Merchant, Bribe Branch


You were on level 11 of the Dungeon.
You worshipped Gozag.
Gozag was most pleased with you.
You visited 3 branches of the dungeon, and saw 19 of its levels.
You also visited: Bailey.

You collected 4939 gold pieces.
You spent 67 gold pieces at shops.
You paid 59 gold pieces to Gozag.

Inventory:

Hand Weapons
 a - a +0 broad axe
 b - a +2 demon trident (weapon)
Missiles
 c - 44 poisoned darts
 H - 31 javelins (quivered)
 P - 7 curare-tipped darts
 S - a throwing net
 U - 4 silver javelins
Armour
 d - a scarf of invisibility
 e - a +0 buckler (worn)
 g - a +0 pair of boots (worn)
 G - +5 gold dragon scales (worn)
 L - a +1 cloak (worn)
 O - a +0 pair of gloves (worn)
 Q - the +5 robe of Night {Dark Will+ SInv}
   (You found it on level 6 of the Lair of Beasts)

   It shrouds the wearer in darkness, reducing the range at which they can see
   and be seen by others.
   SInv:      It lets you see invisible.
   Will:      It increases your willpower.
Jewellery
 h - the ring of Ephemeral Luck (right hand) {Fly Will+ rCorr Stlth+}
   (You found it on level 6 of the Dungeon)

   [ring of resist corrosion]

   Fly:       It grants you flight.
   rCorr:     It protects you from acid and corrosion.
   Will:      It increases your willpower.
   Stlth:     It makes you more stealthy.
 q - the ring "Piun" (left hand) {rElec EV+4}
   (You found it on level 6 of the Lair of Beasts)

   [ring of evasion]

   EV:        It affects your evasion (+4).
   rElec:     It insulates you from electricity.
 I - the ring "Riudop" {rElec rC+ EV+4 Str-4 Dex+7}
   (You took it off an orc in a bailey)

   [ring of evasion]

   EV:        It affects your evasion (+4).
   Str:       It affects your strength (-4).
   Dex:       It affects your dexterity (+7).
   rC:        It protects you from cold.
   rElec:     It insulates you from electricity.
Wands
 k - a wand of polymorph (5)
 m - a wand of iceblast (17)
 n - a wand of mindburst (5)
 A - a wand of digging (5)
 B - a wand of flame (23)
 K - a wand of paralysis (7)
Scrolls
 f - a scroll of immolation {unknown}
 l - 2 scrolls of fog {unknown}
 s - 2 scrolls of noise {unknown}
 t - a scroll of holy word
 u - a scroll of acquirement {unknown}
 w - a scroll of blinking {unknown}
 x - 2 scrolls of magic mapping
 y - 2 scrolls of enchant weapon {unknown}
 D - a scroll of fear {unknown}
 J - 2 scrolls of torment
 N - a scroll of brand weapon {unknown}
 R - a scroll of vulnerability {unknown}
 T - a scroll of teleportation
Potions
 i - 7 potions of curing
 j - 2 potions of cancellation
 o - 3 potions of haste
 p - 6 potions of mutation
 r - a potion of invisibility
 v - 8 potions of ambrosia
 z - 5 potions of lignification
 C - 3 potions of might
 E - 3 potions of berserk rage
 F - 2 potions of attraction
Miscellaneous
 M - a phantom mirror


   Skills:
 + Level 11.3 Fighting
 + Level 10.7 Axes
 + Level 10.4 Throwing
 + Level 10.2 Armour
 + Level 10.8 Dodging
 + Level 0.0 Shields
 + Level 10.0 Evocations


You had 13 spell levels left.
You didn't know any spells.
Your spell library contained the following spells:

 Spells                   Type           Power      Damage    Failure   Level
 Sandblast                Erth           0%         2d4       100%        1
 Shock                    Conj/Air       0%         1d3       100%        1
 Ensorcelled Hibernation  Hex/Ice        0%         N/A       100%        2
 Passwall                 Tmut/Erth      0%         N/A       100%        2
 Dazzling Flash           Conj/Hex       0%         N/A       100%        3
 Spider Form              Tmut/Pois      0%         N/A       100%        3
 Stone Arrow              Conj/Erth      0%         3d7       100%        3
 Swiftness                Air            0%         N/A       100%        3
 Airstrike                Air            0%         N/A       100%        4
 Iskenderun's Mystic Bla  Conj/Tloc      0%         2d3       100%        4
 Starburst                Conj/Fire      0%         6d3       100%        6


Dungeon Overview and Level Annotations

Branches:
Dungeon (12/15)            Temple (1/1) D:5            Lair (6/6) D:8
  Swamp (0/4) Lair:3       Spider (0/4) Lair:3        Slime (0/5) Lair:5
 Bailey (visited)
    Orc: D:9-12

Altars:
Dithmenos
Gozag
Kikubaaqudgha
Nemelex Xobeh
Okawaru
Qazlal
Sif Muna
Wu Jian

Shops:
D:5 [


Innate Abilities, Weirdness & Mutations

You have a pair of large antennae on your head. (SInv)
A demonic guardian rushes to your aid.
You sometimes emit foul miasma when damaged in melee.
You are partially covered in razor-sharp scales. (AC +1, Slay +1)


Message History

The slime creature hits you but does no damage.
You barely miss the very large slime creature.
The very large slime creature is heavily wounded.
The orc hits you but does no damage.
The slime creature hits you but does no damage.
The orc completely misses you.
Unknown command.
The slime creature hits you but does no damage.
A very large slime creature splits.
Two slime creatures merge to form a very large slime creature.
Things that are here:
a +0 hand axe; a +0 ring mail You reach to attack!
You puncture the very large slime creature!
The very large slime creature is moderately wounded.
You reach to attack!
You puncture the very large slime creature!
The very large slime creature is heavily wounded.
You barely miss the very large slime creature.
The very large slime creature is heavily wounded.
The very large slime creature hits you!!!
You are too injured to fight recklessly!
You are too injured to fight recklessly!
You are too injured to fight recklessly!
You are too injured to fight recklessly!
You are too injured to fight recklessly!
You are too injured to fight recklessly!
You are too injured to fight recklessly!
There is a stone staircase leading up here.
The very large slime creature hits you!!
You fly upwards.
There is a stone staircase leading down here.
You puncture the very large slime creature!
The very large slime creature is moderately wounded.
The very large slime creature hits you but does no damage.
You hit the very large slime creature.
The very large slime creature is moderately wounded.
The very large slime creature hits you!!!
You die...
Your body crumbles into a pile of gold.

# #.# #.##.#####....#######..
# #.# #.##.# #............. #
#.#####....# #....)#######. #
#....#####.# #.....# #. #
####.......#####....## #####.
# ######........#### #..... #
#.##.##### #.#### # #.##J# #.#
#############.##@# #.#
...........##.##.# #.#
##########.......###########.#
###.#...............#
##.################ ###


You could see a very large slime creature.

Vanquished Creatures
  Gastronok (Lair:2)
  Fannar (Lair:2)
  4 hydras
  A boulder beetle (Lair:6)
  2 two-headed ogres (D:9)
  A deep troll shaman (Lair:6)
  14 death yaks
  A fire crab (Lair:2)
  2 bog bodies (Lair:3)
  Pikel (D:8)
  A lindwurm (Lair:5)
  An ugly thing (D:8)
  A manticore (Lair:6)
  4 black mambas
  12 elephants
  7 cane toads
  A torpor snail (Lair:6)
  3 rime drakes
  7 komodo dragons
  A troll (D:9)
  5 polar bears
  A queen bee (D:10)
  Prince Ribbit (Lair:2)
  12 blink frogs
  19 dream sheep
  A meliai zombie (D:11)
  2 wraiths (D:11)
  A spriggan (Lair:2)
  4 wyverns
  A vampire mosquito (D:11)
  30 yaks
  2 redbacks (Lair:3)
  5 basilisks
  Edmund (D:5)
  Menkaure (D:5)
  9 water moccasins
  13 orc warriors
  A sky beast (D:5)
  An ice beast (D:7)
  4 necrophages
  An ogre (D:4)
  10 wolves
  5 black bears
  A phantom (D:6)
  18 centaurs
  15 bullfrogs
  A wyvern zombie (D:8)
  A scorpion (D:4)
  A wyvern skeleton (D:6)
  24 killer bees
  8 wights
  3 howler monkeys (D:7)
  2 electric eels (Lair:1)
  2 centaur zombies
  3 jellies
  2 bullfrog skeletons
  3 orc priests
  3 hounds
  Crazy Yiuf (D:2)
  Jessica (D:2)
  3 iguanas
  13 orc wizards
  A scorpion zombie (D:5)
  A hound zombie (D:5)
  A hound skeleton (D:4)
  A howler monkey zombie (D:10)
  7 gnolls
  12 adders
  2 worms
  2 dart slugs
  54 orcs
  8 ball pythons
  5 endoplasms
  3 giant cockroaches
  3 goblins
  8 hobgoblins
  5 kobolds
  2 quokkas
  5 bats
  2 frilled lizards
  2 rats
425 creatures vanquished.

Vanquished Creatures (collateral kills)
  A dire elephant (Lair:6)
  A hydra (Lair:6)
  An anaconda (Lair:6)
  2 catoblepae (Lair:6)
  7 death yaks
  Urug (D:10)
  A fire crab (Lair:6)
  5 elephants
  A black mamba (Lair:6)
  A torpor snail (Lair:5)
  A cane toad (Lair:3)
  A hornet (D:8)
  3 blink frogs
  3 yaks (Lair:5)
  2 wyverns
  A vampire mosquito (D:11)
  3 water moccasins
  An orc warrior (Bailey)
  3 wolves (Lair:4)
  A centaur (Bailey)
  2 jellies (Lair:5)
  2 orcs (D:5)
  3 bushes (Lair:6)
47 creatures vanquished.

Vanquished Creatures (others)
  49 fungi
  62 plants
111 creatures vanquished.

Grand Total: 583 creatures vanquished

Notes
Turn   | Place    | Note
-------+----------+-------------------------------------------
     0 | D:1      | flotson the Demonspawn Gladiator began the quest for the
                  | Orb.
     0 | D:1      | Reached XP level 1. HP: 16/16 MP: 1/1
   246 | D:1      | Gained mutation: You may rarely emit foul miasma when
                  | damaged in melee. [demonic ancestry]
   246 | D:1      | Reached XP level 2. HP: 21/22 MP: 2/2
   922 | D:2      | Gained mutation: You have a pair of small antennae on your
                  | head. [demonic ancestry]
   922 | D:2      | Reached XP level 3. HP: 27/28 MP: 3/3
  1036 | D:2      | Found a runed translucent door.
  1037 | D:2      | Noticed Crazy Yiuf
  1177 | D:2      | Found a faded altar of an unknown god.
  1231 | D:2      | Reached skill level 1 in Armour
  1615 | D:2      | Gained mutation: You are partially covered in razor-sharp
                  | scales. (AC +1, Slay +1) [demonic ancestry]
  1615 | D:2      | Reached XP level 4. HP: 27/34 MP: 4/4
  1754 | D:2      | Noticed Jessica
  1764 | D:2      | Killed Jessica
  1898 | D:2      | Killed Crazy Yiuf
  2078 | D:3      | Reached XP level 5. HP: 40/40 MP: 5/5
  2844 | D:3      | Reached skill level 3 in Fighting
  3270 | D:4      | Noticed a black bear
  3275 | D:4      | Killed a black bear
  3373 | D:4      | Noticed a necrophage
  3379 | D:4      | Killed a necrophage
  3380 | D:4      | Gained mutation: You have a pair of antennae on your head.
                  | [demonic ancestry]
  3380 | D:4      | Reached XP level 6. HP: 39/47 MP: 6/6
  3696 | D:4      | Found a stormy altar of Qazlal.
  4052 | D:4      | Reached XP level 7. HP: 53/53 MP: 7/7
  4326 | D:4      | Reached skill level 4 in Fighting
  4641 | D:5      | Entered Level 5 of the Dungeon
  4641 | D:5      | Found Aguumeta's Armour Boutique.
  4714 | D:5      | Gained mutation: A weak demonic guardian rushes to your
                  | aid. [demonic ancestry]
  4714 | D:5      | Reached XP level 8. HP: 15/61 MP: 8/8
  5091 | D:5      | Noticed Edmund
  5106 | D:5      | Killed Edmund
  5279 | D:5      | Found a staircase to the Ecumenical Temple.
  5286 | Temple   | Entered the Ecumenical Temple
  5333 | Temple   | Became a worshipper of Gozag Ym Sagoz the Greedy
  5684 | D:6      | Noticed Menkaure
  5690 | D:5      | Killed Menkaure
  5691 | D:5      | Reached skill level 5 in Axes
  5691 | D:5      | Reached skill level 5 in Dodging
  5855 | D:6      | Reached skill level 5 in Fighting
  6331 | D:6      | Reached skill level 5 in Throwing
  6428 | D:6      | Reached XP level 9. HP: 64/68 MP: 9/9
  6498 | D:6      | Identified the ring of Ephemeral Luck {Fly Will+ rCorr
                  | Stlth+}
  6830 | D:7      | Reached skill level 1 in Evocations
  6915 | D:7      | Found a flagged portal.
  7121 | Bailey   | Entered a bailey
  7319 | Bailey   | Reached skill level 5 in Armour
  7581 | Bailey   | Reached skill level 6 in Fighting
  8211 | Bailey   | Identified the ring "Riudop" {rElec rC+ EV+4 Str-4 Dex+7}
 10225 | Bailey   | Gained mutation: You have a pair of large antennae on your
                  | head. (SInv) [demonic ancestry]
 10225 | Bailey   | Reached XP level 10. HP: 49/77 MP: 10/10
 11910 | D:8      | Found a staircase to the Lair.
 12000 | D:8      | Reached skill level 7 in Fighting
 12080 | D:8      | Noticed a green ugly thing
 12355 | D:8      | Killed a green ugly thing
 12475 | D:8      | Noticed Pikel
 12486 | D:8      | Killed Pikel
 13555 | D:9      | Noticed a two-headed ogre
 14046 | D:9      | Killed a two-headed ogre
 14187 | D:9      | Noticed a two-headed ogre
 14192 | D:9      | Killed a two-headed ogre
 14193 | D:9      | Reached skill level 5 in Evocations
 14193 | D:9      | Reached XP level 11. HP: 54/84 MP: 11/11
 14885 | D:10     | Entered Level 10 of the Dungeon
 15126 | D:10     | Noticed Urug
 15555 | D:10     | Killed Urug
 17090 | D:10     | Reached skill level 8 in Fighting
 17410 | Lair:1   | Entered Level 1 of the Lair of Beasts
 18828 | Lair:2   | Noticed Gastronok
 18845 | Lair:2   | Killed Gastronok
 19731 | Lair:2   | Noticed Fannar
 19755 | Lair:2   | Killed Fannar
 19845 | Lair:2   | Noticed Prince Ribbit
 19876 | Lair:2   | Killed Prince Ribbit
 19877 | Lair:2   | Gained mutation: A demonic guardian rushes to your aid.
                  | [demonic ancestry]
 19877 | Lair:2   | Reached XP level 12. HP: 52/94 MP: 12/12
 21593 | Lair:2   | Reached skill level 9 in Fighting
 21826 | Lair:3   | Found a staircase to the Swamp.
 22148 | Lair:3   | Found a hole to the Spider Nest.
 22476 | Lair:4   | Noticed a seven-headed hydra
 24718 | Lair:4   | Killed a seven-headed hydra
 24719 | Lair:4   | Reached XP level 13. HP: 82/101 MP: 13/13
 25675 | Lair:5   | Found a staircase to the Slime Pits.
 27301 | Lair:5   | Reached skill level 10 in Fighting
 28185 | Lair:6   | Entered Level 6 of the Lair of Beasts
 29143 | Lair:6   | Reached skill level 10 in Dodging
 29635 | Lair:6   | HP: 4/104 [eight-headed hydra (5)]
 29658 | Lair:6   | Reached skill level 10 in Axes
 30090 | Lair:5   | Gained mutation: You sometimes emit foul miasma when
                  | damaged in melee. [demonic ancestry]
 30090 | Lair:5   | Reached XP level 14. HP: 85/111 MP: 14/14
 30233 | Lair:6   | Found the +5 robe of Night {Dark Will+ SInv}
 31395 | Lair:6   | Reached skill level 10 in Throwing
 31502 | Lair:6   | Reached skill level 11 in Fighting
 32331 | Lair:6   | Reached skill level 10 in Armour
 33201 | Lair:6   | Identified the ring "Piun" {rElec EV+4}
 35158 | D:11     | Reached skill level 10 in Evocations
 36058 | D:5      | Bought a +0 buckler for 67 gold pieces
 36681 | D:11     | Slain by a very large slime creature

Illustrated notes

Levels and vault maps discovered:
D:1:      tarquinn_simple_flora_water_e, layout_basic
D:2:      layout_loops_ring, shapermc_ecumenical_altar_notcrosses, uniq_jessica,
          uniq_crazy_yiuf_cottage
D:3:      layout_loops_ring
D:4:      layout_basic, lemuel_coloured_pillars_altar, nicolae_zen_rock_garden
D:5:      layout_cave_pools, minmay_temple_entry_slanted, serial_shops,
          nicolae_stop_n_shop_1, uniq_edmund
D:6:      layout_gridville, uniq_menkaure
D:7:      layout_basic, enter_bailey_7
D:8:      layout_basic, lair_entry_dummy, uniq_pikel
D:9:      layout_basic
D:10:     layout_basic, special_room [special_room_bee], minmay_door_square,
          uniq_urug
D:11:     layout_loops_ring
D:12:     lemuel_traditional_vault, layout_basic, minmay_orc_entry_temple_small
Temple:   mainiacjoe_temple_circle_huts
Lair:1:   layout_hall_layers, dpeg_stationary_puzzle
Lair:2:   layout_roguey, uniq_prince_ribbit2, uniq_gastronok, uniq_fannar
Lair:3:   layout_cellular_growth, skrybe_swamp_entry_bodies,
          spider_nest_entry_webs, grunt_forest_large_clearing_hut,
          infiniplex_staircase_pool_2
Lair:4:   layout_cave_shapes, beast_lair_carwin_8
Lair:5:   layout_roguey, nicolae_slime_entry_slimehenge
Lair:6:   grunt_lair_end_beastmaster, layout_gridlike, minmay_shattered_shrine

Skill      XL: |  1  2  3  4  5  6  7  8  9 10 11 12 13 14 |
---------------+-------------------------------------------+-----
Throwing       | 2 3 4 5 6 7 8 9 10 | 10.4
Axes           | 3 4 5 6 7 8 9 10 | 10.7
Dodging        | 3 4 5 6 7 8 9 10 | 10.8
Armour         | 1 2 3 4 5 6 7 8 9 10 | 10.2
Fighting       | 3 4 5 6 7 8 9 10 11 | 11.3
Evocations     | 3 5 6 7 9 10 | 10.0

Action                   |  1- 3 |  4- 6 |  7- 9 | 10-12 | 13-15 || total
-------------------------+-------+-------+-------+-------+-------++-------
Melee: War axe           |    29 |       |       |       |       ||    29
       Dagger            |    70 |    19 |       |       |       ||    89
       Quarterstaff      |       |    35 |       |       |       ||    35
       Halberd           |       |    46 |   293 |   807 |   751 ||  1897
       Broad axe         |       |       |       |    17 |       ||    17
       Demon trident     |       |       |       |     5 |    57 ||    62
 Fire: Hunting sling     |    10 |       |   311 |    56 |       ||   377
Throw: Throwing net      |       |     2 |       |     5 |     6 ||    13
       Dart              |       |       |     8 |       |     5 ||    13
       Javelin           |       |       |       |    95 |    92 ||   187
Evoke: Wand              |       |       |     1 |     2 |       ||     3
  Use: Scroll            |       |       |       |    21 |     5 ||    26
       Potion            |       |       |       |     3 |     3 ||     6
 Stab: Held in net/web   |       |     1 |       |       |     2 ||     3
       Distracted        |       |       |     1 |     6 |     4 ||    11
       Petrified         |       |       |       |       |     1 ||     1
Armor: Leather armour    |    50 |    28 |    75 |       |       ||   153
       Robe              |     4 |       |       |       |       ||     4
       Gold dragon scale |       |       |   139 |   813 |   820 ||  1772
Dodge: Dodged            |    60 |    70 |   189 |   403 |   454 ||  1176
Block: Buckler           |       |       |       |       |     6 ||     6

Table legend: (Time is in decaauts)
 A = Elapsed time spent in this place.
 B = Non-inter-level travel time spent in this place.
 C = Inter-level travel time spent in this place.
 D = Time resting spent in this place.
 E = Time spent auto-exploring this place.
 F = Levels seen in this place.
 G = Mean time per level.
                   A        B        C        D        E       F      G
               +--------+--------+--------+--------+--------+-----+--------+
         Total |  37255 |  35676 |   1579 |   6264 |  23108 |  20 | 1862.8 |
       Dungeon |  15508 |  14529 |    979 |   1318 |  10839 |  12 | 1292.3 |
        Temple |     69 |     47 |     22 |      0 |     33 |   1 |   69.0 |
          Lair |  17864 |  17286 |    578 |   3192 |  11058 |   6 | 2977.3 |
        Bailey |   3812 |   3812 |      0 |   1754 |   1178 |   1 | 3812.0 |
               +--------+--------+--------+--------+--------+-----+--------+

Top non-repeatable levels by time:
  Lair:5: 4322 daAuts
  Lair:6: 4154 daAuts
  Bailey: 3812 daAuts
  Lair:4: 3399 daAuts
  Lair:3: 2559 daAuts
  Lair:2: 2502 daAuts
    D:10: 1980 daAuts
     D:9: 1958 daAuts
     D:8: 1797 daAuts
     D:7: 1750 daAuts
     D:4: 1407 daAuts
     D:2: 1349 daAuts
     D:5: 1131 daAuts
    D:11: 1118 daAuts
     D:3: 1051 daAuts
